 Dungeon Crawl Stone Soup version 0.31-a0-859-g9dce7d3444 (webtiles) character file.

Game seed: 2668606423458654369

172 wvc the Firebug (level 5, -4/28 HPs)
             Began as a Gargoyle Fire Elementalist on Oct 9, 2023.
             Slain by an orc
             ... wielding a +0 flail
              (5 damage)
             ... on level 3 of the Dungeon.
             The game lasted 00:05:57 (2374 turns).

wvc the Firebug (Gargoyle Fire Elementalist)        Turns: 2374, Time: 00:05:57

Health: -4/28      AC:  7    Str: 12    XL:     5   Next: 53%
Magic:  17/18      EV: 11    Int: 17    God:
Gold:   192        SH:  0    Dex: 10    Spells: 3/10 levels left

rFire   . . .        n - +0 dagger (venom)
rCold   . . .        (no shield)
rNeg    + . .        a - +1 robe
rPois   ∞            (no helmet)
rElec   +            (no cloak)
rCorr   .            (no gloves)
SInv    .            (no boots)
Will    .....        (no amulet)
Stlth   ++           d - ring of magical power
HPRegen 0.24/turn    (no ring)
MPRegen 0.16/turn

%: no passive effects
@: slowed, very slow
A: sickness immunity, AC +4, negative energy resistance 1, electricity
resistance, torment resistance 1, petrification resistance
a: no special abilities


You were on level 3 of the Dungeon.
You visited 1 branch of the dungeon, and saw 3 of its levels.

You collected 192 gold pieces.

Inventory:

Hand Weapons
 n - a +0 dagger of venom (weapon)
Missiles
 k - 6 poisoned darts
Armour
 a - a +1 robe (worn)
 f - a +2 buckler
 h - a +0 leather armour
Jewellery
 d - a ring of magical power (left hand)
 g - a ring of flight
Potions
 b - 2 potions of magic
 c - 2 potions of heal wounds
 e - a potion of might
 i - a potion of lignification
 m - a potion of curing {unknown}


   Skills:
 - Level 1.5 Dodging
 - Level 2.1 Stealth
 + Level 3.0 Spellcasting
 * Level 3.5 Conjurations
 + Level 4.3 Fire Magic


You had 3 spell levels left.
You knew the following spells:

 Your Spells              Type           Power      Damage    Failure   Level
a - Foxfire               Conj/Fire      64%        2x1d7     3%          1
b - Scorch                Fire           34%        2d6       4%          2
c - Flame Wave            Conj/Fire      16%        2d7       34%         4

Your spell library contained the following spells:

 Spells                   Type           Power      Damage    Failure   Level
 Static Discharge         Conj/Air       16%        2-3/arc   13%         2
 Inner Flame              Hex/Fire       10%        N/A       22%         3
 Volatile Blastmotes      Fire/Tloc      20%        2d11      22%         3
 Wereblood                Tmut           2%         N/A       26%         2
 Hailstorm                Conj/Ice       8%         3d4       26%         3
 Sticky Flame             Conj/Fire      16%        2d4       34%         4
 Airstrike                Air            1%         2d(1-17)  86%         4
 Summon Ice Beast         Ice/Summ       2%         N/A       86%         4
 Summon Lightning Spire   Summ/Air       2%         N/A       86%         4
 Simulacrum               Ice/Necr       1%         N/A       100%        6
 Summon Hydra             Summ           1%         N/A       100%        7
 Sublimation of Blood     Necr           Unusable   N/A       N/A         2

Dungeon Overview and Level Annotations

Branches:
Dungeon (3/15)

Altars:
Okawaru

Annotations:
D:3 Natasha


Innate Abilities, Weirdness & Mutations

You are immune to sickness and miasma.
Your stone body is resilient. (AC +4)
You are immune to poison.
You resist negative energy. (rN+)
You are resistant to electric shocks. (rElec)
You are resistant to unholy torment.
You are immune to petrification.


Message History

The orc hits you with a +0 flail.
The orc wizard hits you but does no damage.
The orc closely misses you.
You closely miss the orc wizard.
The orc wizard is severely wounded.
You kill the orc wizard!
The orc misses you. The orc barely misses you.
The orc attacks as it pursues you! The orc completely misses you.
Things that are here:
a +0 dagger; a +0 robe
Casting: Foxfire (safe; 3% risk of failure)
Press: ? - help, Q - select action, (/) - cycle Dir - look around, f - activate You conjure some foxfire!
Natasha, Servant of Life and Death comes into view.
You barely miss the orc.
The orc is heavily wounded.
The orc hits you with a +0 dagger.
You closely miss the orc.
The orc is heavily wounded.
The orc hits you but does no damage.
You barely miss the orc.
The orc is heavily wounded.
The orc hits you with a +0 dagger. Natasha casts a spell at you.
You feel yourself slow down.
You hit the orc but do no damage.
The orc is poisoned.
The orc is heavily wounded.
You kill the orc!
You hit the orc but do no damage.
The orc is poisoned.
The orc barely misses you. Natasha claws you but does no damage.
The orc hits you with a +0 flail!
* * * LOW HITPOINT WARNING * * *
You barely miss the orc.
Natasha stares at you and mumbles some strange words.
The magic dart hits you.
* * * LOW HITPOINT WARNING * * *
The orc hits you but does no damage. Natasha barely misses you.
You completely miss Natasha. The orc completely misses you.
Natasha barely misses you. The orc hits you with a +0 flail.
You die...

# . ###. ..
#...#####
#... .....o
..... ....
....
###.###.###
#..)o@hP..#
#.#)#P#.#.#
#......P..#
###.###P###
#...._.PP.#
###.###.###
#..P...P..#
#P#.#.#P#.#
#..P...P..#


You could see Natasha and an orc (very poisoned).

Vanquished Creatures
  Natasha (D:3)
  Terence (D:2)
  2 orc wizards (D:3)
  3 adders (D:2)
  A worm (D:2)
  4 orcs (D:3)
  3 ball pythons
  5 bats
  2 endoplasms
  A goblin (D:1)
  A hobgoblin (D:1)
  5 jackals (D:1)
  4 quokkas
  A frilled lizard (D:1)
  3 kobolds
  5 rats
42 creatures vanquished.

Vanquished Creatures (collateral kills)
  3 foxfires (D:3)
3 creatures vanquished.

Vanquished Creatures (others)
  94 foxfires
94 creatures vanquished.

Grand Total: 139 creatures vanquished

Notes
Turn   | Place    | Note
-------+----------+-------------------------------------------
     0 | D:1      | wvc the Gargoyle Fire Elementalist began the quest for the
                  | Orb.
     0 | D:1      | Reached XP level 1. HP: 10/10 MP: 3/3
   313 | D:1      | Reached XP level 2. HP: 15/15 MP: 3/5
  1174 | D:2      | Reached XP level 3. HP: 19/19 MP: 1/6
  1394 | D:2      | Learned a level 2 spell: Scorch
  1396 | D:2      | Noticed Terence
  1427 | D:2      | Killed Terence
  1428 | D:2      | Reached XP level 4. HP: 24/24 MP: 1/7
  1502 | D:2      | Reached skill level 4 in Fire Magic
  1591 | D:2      | Learned a level 4 spell: Flame Wave
  2182 | D:3      | Noticed Natasha
  2191 | D:3      | Killed Natasha
  2192 | D:3      | Reached XP level 5. HP: 22/28 MP: 9/9
  2247 | D:3      | Found an iron altar of Okawaru.
  2330 | D:3      | Found a faded altar of an unknown god.
  2367 | D:3      | Noticed Natasha
  2373 | D:3      | HP: 1/28 [Natasha/magic dart (6)]
  2374 | D:3      | Slain by an orc

Illustrated notes

Levels and vault maps discovered:
D:1:      dpeg_arrival_arbitrary_c, layout_loops_corners, minmay_tromino_v7
D:2:      minmay_evil_eye, layout_basic, minmay_door_square, uniq_terence
D:3:      layout_basic, okawaru_trees_2, serial_shops, shop,
          shapermc_ecumenical_altar_mp_urbaneastern, corexii_corridor_pit,
          chequers_serial_rivers_micro_a, uniq_natasha

Skill      XL: |  1  2  3  4  5 |
---------------+----------------+-----
Conjurations   | 2 3 |  3.5
Fire Magic     | 4 |  4.3
Spellcasting   | 3 |  3.0
Dodging        | |  1.5
Stealth        | |  2.1

Action                     |  1- 3 |  4- 6 || total
---------------------------+-------+-------++-------
  Melee: Unarmed           |     3 |       ||     3
         Dagger            |    12 |    43 ||    55
   Cast: Foxfire           |    47 |    15 ||    62
    Use: Scroll            |     5 |     3 ||     8
         Potion            |     1 |       ||     1
   Stab: Sleeping          |       |     2 ||     2
 Armour: Robe              |    22 |    32 ||    54
  Dodge: Dodged            |    24 |    37 ||    61

Table legend: (Time is in decaauts)
 A = Elapsed time spent in this place.
 B = Non-inter-level travel time spent in this place.
 C = Inter-level travel time spent in this place.
 D = Time resting spent in this place.
 E = Time spent auto-exploring this place.
 F = Levels seen in this place.
 G = Mean time per level.
                   A        B        C        D        E       F      G
               +--------+--------+--------+--------+--------+-----+--------+
         Total |   2373 |   2350 |     23 |     30 |   1922 |   3 |  791.0 |
       Dungeon |   2373 |   2350 |     23 |     30 |   1922 |   3 |  791.0 |
               +--------+--------+--------+--------+--------+-----+--------+

Top non-repeatable levels by time:
     D:1: 1154 daAuts
     D:2: 984 daAuts
     D:3: 235 daAuts
